AoeStats
← web

African Clearing

506724984Analyzed
4v4 RM · 17d ago on Sep 14, 2026· 32m 53s· 8 players
Game mode
Random Map
Map size
Large (8 player)
Population
200
Speed
Normal
Resources
Standard
Victory
Conquest
Starting age
Dark Age
Ending age
Imperial Age
RankedLock teamsTeams togetherTeam positionsShared explorationLock speedFull tech treeHidden civsTurbo modeCheats
Victory
Defeat
🇺🇸 Franks · United States
1301
+16
🇲🇽 Dravidians · Mexico
1279
+17
🇳🇿 Italians · New Zealand
1277
+17
🇦🇺 Mongols · Australia
1271
+17
🇬🇧 Armenians · United Kingdom
1318
-19
🇨🇳 Byzantines · China
1318
-18
🇧🇷 Aztecs · Brazil
1291
-16
🇸🇰 Britons · Slovakia
1239
-14
web
3:53 Loom
13:50 Feudal Age
19:22 Castle Age
21:59 Double-Bit Axe
29:25 Scale Barding Armor
29:35 Forging
30:58 Bow Saw
31:28 Husbandry
33:01 Scale Barding Armor
33:46 Iron Casting
33:20 Gold Mining
Nova_Wolf
5:44 Loom
12:55 Feudal Age
18:18 Castle Age
16:44 Fletching
18:21 Crossbowman
19:07 Double-Bit Axe
23:24 Padded Archer Armor
25:08 Wheelbarrow
31:11 Ballistics
DreamStolen
5:17 Loom
13:14 Feudal Age
16:08 Scale Barding Armor
16:13 Forging
18:05 Castle Age
18:05 Bloodlines
30:14 Horse Collar
30:36 Double-Bit Axe
31:09 Fletching
33:42 Chain Barding Armor
Soup
16:15 Feudal Age
17:53 Double-Bit Axe
17:50 Horse Collar
21:09 Castle Age
22:04 Fletching
22:15 Padded Archer Armor
22:29 Thumb Ring
24:11 Bodkin Arrow
25:31 Bow Saw
28:43 Leather Archer Armor
29:25 Heavy Plow
McLagan
14:02 Feudal Age
17:29 Castle Age
15:32 Double-Bit Axe
18:27 Loom
24:23 Man-at-Arms
24:48 Gambesons
25:05 Long Swordsman
26:35 Scale Mail Armor
26:39 Two-Handed Swordsman
29:14 Forging
31:08 Chain Mail Armor
31:22 Squires
闲置村民
10:32 Loom
12:21 Feudal Age
13:07 Double-Bit Axe
25:18 Loom
TheLawRøcK®
12:34 Feudal Age
13:53 Double-Bit Axe
15:04 Horse Collar
16:07 Wheelbarrow
17:17 Loom
ajja13849
12:59 Feudal Age
14:33 Loom
17:50 Castle Age
16:00 Double-Bit Axe
16:28 Gold Mining
17:57 Crossbowman
19:30 Fletching
21:37 Horse Collar
22:26 Padded Archer Armor
24:18 Wheelbarrow
25:21 Town Watch
29:06 Hand Cart
31:38 Imperial Age
31:08 Ballistics
30:55 Stone Mining
33:01 Gold Shaft Mining
32:25 Bodkin Arrow
32:46 Leather Archer Armor
Connection lost

Rejoining the realm…

Still unreachable

The connection could not be restored.

Session expired

The server has moved on; the page needs a fresh start.